 Dungeon Crawl Stone Soup version 0.31-a0-230-g09eb5fc4d3 (webtiles) character file.

Game seed: 3926803966120650814

2541 qw the Skirmisher (level 9, -5/79 HPs)
             Began as a Minotaur Hexslinger on July 6, 2023.
             Was an Initiate of Okawaru.
             Slain by a steam dragon (8 damage)
             ... on level 7 of the Dungeon.
             The game lasted 00:02:34 (6662 turns).

qw the Skirmisher (Minotaur Hexslinger)             Turns: 6662, Time: 00:02:34

Health: -5/79      AC:  5    Str: 13    XL:     9   Next: 30%
Magic:  11/11      EV: 13    Int: 10    God:    Okawaru [......]
Gold:   332        SH:  0    Dex: 17    Spells: 9/10 levels left

rFire   . . .        Y - +1 sling (drain)
rCold   + + .        (no shield)
rNeg    . . .        l - +1 leather armour {rC+}
rPois   .            (helmet restricted)
rElec   .            (no cloak)
rCorr   .            a - +0 pair of gloves {Stlth+}
SInv    .            (no boots)
Will    .....        (no amulet)
Stlth   ++           e - ring of protection from cold
HPRegen 0.33/turn    (no ring)
MPRegen 0.12/turn

%: no passive effects
@: about to teleport
A: horns 2, retaliatory headbutt
a: Renounce Religion


You were on level 7 of the Dungeon.
You worshipped Okawaru.
Okawaru was noncommittal.
You visited 2 branches of the dungeon, and saw 8 of its levels.

You collected 332 gold pieces.


Innate Abilities, Weirdness & Mutations

You have a pair of horns on your head.
You reflexively headbutt those who attack you in melee.


   Skills:
 - Level 7.2 Fighting
 + Level 10.6 Ranged Weapons
 - Level 2.0 Armour
 - Level 4.1 Dodging
 - Level 1.0 Spellcasting
 - Level 2.0 Hexes
 - Level 4.1 Invocations


You had 9 spell levels left.
You knew the following spells:

 Your Spells              Type           Power      Damage    Failure   Level
a - Slow                  Hex            16%        N/A       19%         1

Your spell library contained the following spells:

 Spells                   Type           Power      Damage    Failure   Level
 Inner Flame              Hex/Fire       2%         N/A       65%         3
 Portal Projectile        Hex/Tloc       4%         N/A       65%         3
 Cause Fear               Hex            2%         N/A       88%         4

Inventory:

Hand Weapons
 Y - a +1 sling of draining (weapon)
Armour
 a - a +0 pair of gloves of stealth (worn)
 l - a +1 leather armour of cold resistance (worn)
Jewellery
 b - a ring of ice
 e - a ring of protection from cold (left hand)
Scrolls
 i - a scroll of identify
Potions
 c - a potion of cancellation
 d - a potion of degeneration
 f - a potion of resistance {unknown}
 j - 2 potions of haste
 k - a potion of curing

Dungeon Overview and Level Annotations

Branches:
Dungeon (7/15)             Temple (1/1) D:5

Altars:
Ashenzari
Cheibriados
Dithmenos
Elyvilon
Fedhas
Gozag
Hepliaklqana
Kikubaaqudgha
Makhleb
Nemelex Xobeh
Okawaru
Qazlal
Ru
Sif Muna
Trog
Uskayaw
Vehumet
Xom
Yredelemnul
The Shining One

Shops:
D:5 [

Annotations:
D:2 1 runed translucent door, Crazy Yiuf


Message History

The sling bullet hits the steam dragon!
The steam dragon is almost dead.
A nearby fungus withers and dies.
You shoot a sling bullet. The sling bullet hits the steam dragon.
You drain the steam dragon.
You kill the steam dragon!
Okawaru accepts your kill. The steam dragon misses you.
The steam dragon claws you.
You shoot a sling bullet. The sling bullet hits the steam dragon.
The steam dragon is lightly wounded.
You shoot a sling bullet. The sling bullet hits the steam dragon!
The steam dragon is moderately wounded.
The steam dragon bites you but does no damage.
The steam dragon claws you.
You shoot a sling bullet. The sling bullet hits the steam dragon!
The steam dragon is heavily wounded.
The steam dragon breathes steam at you. The ball of steam hits you!!
You shoot a sling bullet.
The sling bullet hits the steam dragon but does no damage.
The steam dragon is heavily wounded.
You are engulfed in a cloud of scalding steam.
You feel like a meek peon again.
You shoot a sling bullet.
The sling bullet closely misses the steam dragon.
You are engulfed in a cloud of scalding steam.
The steam dragon barely misses you. You furiously retaliate!
You headbutt the steam dragon!
The steam dragon claws you but does no damage.
6661 ||| READING scroll of teleportation.
As you read the scroll of teleportation, it crumbles to dust.
You feel strangely unstable.
You are engulfed in a cloud of scalding steam.
The steam dragon closely misses you. The steam dragon barely misses you.
You shoot a sling bullet.
The sling bullet hits the steam dragon but does no damage.
The steam dragon is almost dead.
You are engulfed in a cloud of scalding steam.
The steam dragon bites you!
You die...

... ...
#....#..#.
#.# #.#
P.....~P#
####.#..#.
#.# #.#
P...$P~
#.#..#. #.#
#.###.~..P~#
#.#....
#####.###.#.#
^~.~P #.#....
............#
#...# #.#....
.####.###.###
#~..# #.#....
.# #.# #.#
#^D.# #.#....
%# #.# #.##
#.@.# #.#....
.####.# #..#
#¤..# #.#.###
......# ##.#
#...# #.#....
####### #.#
#.¤##
##.##### #.#
#..# ##..# #
#.# ##P¤#
#...##### #.#
#.¤.#
##.#..... #.#
#P..#
#.#.#### #.#
#...# #.#.# #


You could see a steam dragon (catching breath).

Vanquished Creatures
  Prince Ribbit (D:5)
  Eustachio (D:6)
  A steam dragon (D:7)
  2 water moccasins
  Duvessa (D:7)
  An orc warrior (D:7)
  2 black bears
  2 ice beasts
  2 ogres
  A phantom (D:5)
  2 bullfrogs (D:7)
  4 scorpions
  Dowan (D:7)
  A howler monkey (D:5)
  A jelly (D:4)
  4 hounds
  An orc priest (D:6)
  2 iguanas
  2 sleepcaps
  4 orc wizards
  Ijyb (D:5)
  Robin (D:4)
  6 adders
  2 shadow imps
  3 worms
  2 dart slugs (D:1)
  18 orcs
  9 ball pythons
  6 endoplasms
  A giant cockroach (D:1)
  7 goblins
  11 hobgoblins
  9 jackals
  7 kobolds
  4 quokkas
  11 bats
  4 frilled lizards (D:2)
  8 rats
146 creatures vanquished.

Notes
Turn   | Place    | Note
-------+----------+-------------------------------------------
     0 | D:1      | qw the Minotaur Hexslinger began the quest for the Orb.
     0 | D:1      | Reached XP level 1. HP: 16/16 MP: 1/1
     0 | D:1      | 0 ||| qw: Version: 0.3-a-46-gb1f654a
     0 | D:1      | 0 ||| qw: Game counter: 1815
     0 | D:1      | 0 ||| qw: Melee chars always use a shield: true
     0 | D:1      | 0 ||| qw: God list: Okawaru
     0 | D:1      | 0 ||| qw: Allow faded altars: false
     0 | D:1      | 0 ||| qw: Do Orc after clearing Dungeon:15 true
     0 | D:1      | 0 ||| qw: Do second Lair branch before Depths: true
     0 | D:1      | 0 ||| qw: Lair rune preference: random
     0 | D:1      | 0 ||| qw: Goals: Normal
     0 | D:1      | 0 ||| PLANNING D:1-11
   166 | D:1      | Reached skill level 3 in Ranged Weapons
   214 | D:1      | Reached XP level 2. HP: 23/23 MP: 2/2
   515 | D:1      | 515 ||| Stepping ~*~*~tactically~*~*~ (outnumbered).
   580 | D:1      | Reached XP level 3. HP: 29/29 MP: 3/3
   808 | D:1      | 808 ||| UPGRADING to +0 ring mail.
   818 | D:1      | 818 ||| DROPPING +0 robe.
   819 | D:1      | 819 ||| READING scroll labelled ILENUC REHU.
   820 | D:1      | 820 ||| READING scroll labelled YXKA HUOTWILL.
   825 | D:1      | 825 ||| READING scroll labelled COOTOLLATUE.
   826 | D:1      | 826 ||| READING scroll labelled SAMNOE LAELIL.
   827 | D:1      | 827 ||| READING 2 scrolls labelled UGUROZ ETOADE.
   828 | D:1      | 828 ||| DROPPING scroll of poison.
  1154 | D:2      | 1154 ||| FLEEEEING.
  1155 | D:2      | 1155 ||| FLEEEEING.
  1156 | D:2      | 1156 ||| FLEEEEING.
  1157 | D:2      | 1157 ||| FLEEEEING.
  1158 | D:2      | 1158 ||| FLEEEEING.
  1159 | D:2      | 1159 ||| FLEEEEING.
  1160 | D:2      | 1160 ||| FLEEEEING.
  1161 | D:2      | 1161 ||| FLEEEEING.
  1162 | D:2      | 1162 ||| FLEEEEING.
  1163 | D:2      | 1163 ||| FLEEEEING.
  1275 | D:2      | Reached skill level 4 in Ranged Weapons
  1513 | D:2      | Reached skill level 1 in Armour
  1569 | D:2      | Found a runed translucent door.
  1570 | D:2      | Noticed Crazy Yiuf
  1881 | D:2      | Reached XP level 4. HP: 36/36 MP: 4/4
  2100 | D:2      | 2100 ||| READING scroll labelled HOCKYA VELEU.
  2101 | D:2      | 2101 ||| READING scroll labelled KUETILLYAQ.
  2102 | D:2      | 2102 ||| READING scroll labelled MUUKLIU ZOBB.
  2103 | D:2      | 2103 ||| DRINKING 2 viscous grey potions.
  2104 | D:2      | 2104 ||| DRINKING 2 smoky blue potions.
  2491 | D:3      | 2491 ||| UPGRADING to ring of protection from cold.
  2492 | D:3      | 2492 ||| READING scroll labelled PAAVEI WUORISI.
  2493 | D:3      | 2493 ||| READING scroll labelled OBRIQU GUYNIAW.
  2531 | D:4      | Reached skill level 5 in Ranged Weapons
  2572 | D:4      | Noticed Robin
  2583 | D:4      | Killed Robin
  2584 | D:4      | Reached XP level 5. HP: 37/42 MP: 5/5
  2741 | D:4      | Reached skill level 3 in Fighting
  2908 | D:4      | Reached skill level 6 in Ranged Weapons
  2908 | D:4      | Reached XP level 6. HP: 48/51 MP: 6/6
  3355 | D:4      | 3355 ||| READING scroll labelled EKHUFO HUMN.
  3399 | D:5      | Entered Level 5 of the Dungeon
  3423 | D:5      | Found a blossoming altar of Fedhas.
  3540 | D:5      | Found Edueb's Antique Armour Boutique.
  3603 | D:5      | 3603 ||| DRINKING 2 potions of curing.
  3603 | D:5      | 3603 ||| (to cure confusion)
  3681 | D:5      | Found a staircase to the Ecumenical Temple.
  3682 | D:5      | 3682 ||| PLANNING TEMPLE
  3682 | D:5      | 3682 ||| READING 2 scrolls of identify.
  3682 | D:5      | 3682 ||| IDENTIFYING purple potion
  3690 | Temple   | Entered the Ecumenical Temple
  3690 | Temple   | Found a transporter.
  3690 | Temple   | Found a transporter.
  3692 | Temple   | Found a transporter.
  3692 | Temple   | Found a transporter.
  3702 | Temple   | 3702 ||| PLANNING D:1-11
  3717 | Temple   | 3717 ||| PLANNING OKAWARU WORSHIP
  3720 | Temple   | Became a worshipper of Warmaster Okawaru
  3721 | Temple   | 3721 ||| PLANNING D:1-11
  3779 | D:5      | Reached skill level 7 in Ranged Weapons
  3779 | D:5      | Reached XP level 7. HP: 56/60 MP: 7/7
  3931 | D:5      | Found a broken altar of Ashenzari.
  3940 | D:5      | Noticed Ijyb
  3946 | D:5      | Killed Ijyb
  4037 | D:5      | Noticed Prince Ribbit
  4046 | D:5      | Reached skill level 8 in Ranged Weapons
  4062 | D:5      | HP: 15/60 [Prince Ribbit (4)]
  4063 | D:5      | 4063 ||| READING scroll of teleportation.
  4064 | D:5      | 4064 ||| DRINKING potion of heal wounds.
  4106 | D:5      | Killed Prince Ribbit
  4106 | D:5      | Reached * piety under Okawaru
  4107 | D:5      | Reached skill level 6 in Fighting
  4250 | D:5      | Found a shimmering altar of Xom.
  4271 | D:5      | Reached skill level 1 in Invocations
  4435 | D:5      | Reached XP level 8. HP: 57/71 MP: 8/8
  4666 | D:5      | 4666 ||| READING scroll labelled KOMPYL CYULI.
  4685 | D:6      | Found an opulent altar of Gozag.
  4783 | D:6      | 4783 ||| INVOKING Heroism.
  5027 | D:6      | 5027 ||| INVOKING Heroism.
  5043 | D:6      | Reached skill level 3 in Invocations
  5116 | D:6      | Noticed Eustachio
  5117 | D:6      | 5117 ||| INVOKING Heroism.
  5139 | D:6      | 5139 ||| INVOKING Heroism.
  5141 | D:6      | Killed Eustachio
  5142 | D:6      | Reached skill level 9 in Ranged Weapons
  5324 | D:6      | 5324 ||| INVOKING Heroism.
  5330 | D:6      | Reached skill level 3 in Dodging
  5417 | D:6      | 5417 ||| INVOKING Heroism.
  5550 | D:6      | Found a basalt altar of Yredelemnul.
  5819 | D:6      | 5819 ||| UPGRADING to +0 pair of gloves of stealth.
  5824 | D:6      | 5824 ||| UPGRADING to +1 leather armour of cold resistance.
  5834 | D:6      | 5834 ||| DROPPING +0 ring mail.
  5835 | D:6      | 5835 ||| READING 2 scrolls of identify.
  5835 | D:6      | 5835 ||| IDENTIFYING white potion
  5897 | D:7      | 5897 ||| INVOKING Heroism.
  6033 | D:7      | Noticed Duvessa
  6034 | D:7      | 6034 ||| INVOKING Heroism.
  6037 | D:7      | Reached skill level 10 in Ranged Weapons
  6040 | D:7      | 6040 ||| DRINKING 2 potions of curing.
  6040 | D:7      | 6040 ||| (to cure confusion)
  6040 | D:7      | Noticed Dowan
  6042 | D:7      | Reached XP level 9. HP: 51/77 MP: 8/11
  6047 | D:7      | HP: 14/71 [Duvessa/+5 rapier of draining (8)]
  6048 | D:7      | 6048 ||| READING 2 scrolls of teleportation.
  6049 | D:7      | HP: 5/69 [Duvessa/+5 rapier of draining (8)]
  6049 | D:7      | HP: 1/67 [Duvessa/+5 rapier of draining (4)]
  6053 | D:7      | Killed Duvessa
  6253 | D:7      | 6253 ||| INVOKING Heroism.
  6394 | D:7      | 6394 ||| INVOKING Heroism.
  6460 | D:7      | 6460 ||| INVOKING Heroism.
  6467 | D:7      | Killed Dowan
  6623 | D:7      | 6623 ||| INVOKING Heroism.
  6634 | D:7      | 6634 ||| READING 2 scrolls of identify.
  6634 | D:7      | 6634 ||| IDENTIFYING bubbling ruby potion
  6642 | D:7      | 6642 ||| INVOKING Heroism.
  6645 | D:7      | 6645 ||| Stepping ~*~*~tactically~*~*~ (cloud).
  6648 | D:7      | 6648 ||| Stepping ~*~*~tactically~*~*~ (water).
  6660 | D:7      | HP: 13/79 [steam dragon] (9)]
  6661 | D:7      | 6661 ||| READING scroll of teleportation.
  6662 | D:7      | HP: 3/79 [steam dragon] (6)]
  6662 | D:7      | Slain by a steam dragon

Levels and vault maps discovered:
D:1:      enne_arrival_octagon_isle, layout_loops_ring, roderic_lattice_a
D:2:      minmay_razor_zed, layout_basic, minmay_cupped, uniq_crazy_yiuf_cottage
D:3:      layout_basic
D:4:      layout_loops_corners, corexii_item_surrounded_by_moat,
          hangedman_decor_riveting, uniq_robin
D:5:      layout_basic, fedhas_altar_1, kennysheep_mini_moat,
          mainiacjoe_overflow_brackets, minmay_temple_entry_statues_pillars,
          serial_shops, nicolae_shop_rolling_square, uniq_ijyb,
          uniq_prince_ribbit1
D:6:      layout_loops_corners, nicolae_gozag_seed_capital, lemuel_tele_altar,
          uniq_eustachio
D:7:      kennysheep_steamy, layout_loops_ring, uniq_duvessa
Temple:   hellmonk_temple_divided_pantheon

Skill      XL: |  1  2  3  4  5  6  7  8  9 |
---------------+----------------------------+-----
Ranged Weapons | 3 4 5 6 7 8 10 | 10.6
Fighting       | 2 3 4 6 7 |  7.2
Armour         | 1 2 |  2.0
Invocations    | 1 4 |  4.1
Dodging        | 3 4 |  4.1
Spellcasting   | |  1.0
Hexes          | |  2.0

Action                     |  1- 3 |  4- 6 |  7- 9 || total
---------------------------+-------+-------+-------++-------
   Fire: Sling             |   134 |   152 |   254 ||   540
 Invoke: Heroism           |       |       |    13 ||    13
    Use: Scroll            |     5 |     7 |     6 ||    18
         Potion            |       |     3 |     2 ||     5
 Armour: Robe              |     6 |       |       ||     6
         Ring mail         |     5 |    31 |    35 ||    71
         Leather armour    |       |       |     8 ||     8
  Dodge: Dodged            |    56 |    61 |    81 ||   198

Table legend:
 A = Non-vault XP
 B = Vault XP
 C = Vault XP percentage of total XP
 D = Non-vault monster count
 E = Vault monster count
 F = Vault count percentage of total count
                 A         B        C        D         E       F
            +---------+---------+-------+---------+---------+-------
      Total |    2686 |     945 |  26.0 |     119 |      27 |  18.5
            +---------+---------+-------+---------+---------+-------
        D:1 |      51 |       0 |   0.0 |      27 |       0 |   0.0
        D:2 |      26 |      34 |  56.7 |      17 |      12 |  41.4
        D:3 |      27 |       0 |   0.0 |      10 |       0 |   0.0
        D:4 |     235 |      29 |  11.0 |      14 |       9 |  39.1
        D:5 |     857 |     297 |  25.7 |      20 |       2 |   9.1
        D:6 |     806 |     191 |  19.2 |      18 |       1 |   5.3
        D:7 |     684 |     394 |  36.5 |      13 |       3 |  18.8
            +---------+---------+-------+---------+---------+-------
